 Dungeon Crawl Stone Soup version 0.21.1-1-g345015f (webtiles) character file.

334816 emieltakesitez the Executioner (level 20, -40/200 HPs)
             Began as a Minotaur Gladiator on June 24, 2018.
             Was the Champion of Okawaru.
             Annihilated by a titan (51 damage)
             ... on level 5 of the Vaults on June 25, 2018.
             The game lasted 01:43:06 (44028 turns).

emieltakesitez the Executioner (MiGl)              Turns: 44028, Time: 01:43:06

Health: -40/200    AC: 36    Str: 29    XL:     20   Next: 95%
Magic:  0/25       EV: 15    Int:  5    God:    Okawaru [******]
Gold:   3966       SH:  0    Dex: 11    Spells: 21/25 levels left

rFire    + . .     SeeInvis +   h - +1 battleaxe (vamp)
rCold    . . .     Gourm    .   (shield currently unavailable)
rNeg     . . .     Faith    .   w - +1 crystal plate armour of the Monkey's Uncle {rElec rPois Regen+ Str+2}
rPois    +         Spirit   +   g - +1 hat {SInv}
rElec    +         Reflect  .   U - +2 cloak
rCorr    +         Harm     .   N - -3 pair of gloves of Ralouhat {MR+ Regen+ rCorr Slay+6}
MR       ++...                  y - +2 pair of boots
Stlth    ..........             W - amulet of guardian spirit
HPRegen  1.23/turn              Q - ring of fire
MPRegen  0.19/turn              K - ring of protection from cold

@: about to teleport, heroism, finesse, marked, drained
A: retaliatory headbutt, horns 2, clumsy 1, robust 1
}: 2/15 runes: decaying, gossamer
a: Heroism, Finesse, Renounce Religion


You were on level 5 of the Vaults.
You worshipped Okawaru.
Okawaru was exalted by your worship.
You were very hungry.

You visited 8 branches of the dungeon, and saw 38 of its levels.
You also visited: Wizlab and Desolation.

You collected 4686 gold pieces.
You spent 720 gold pieces at shops.

Inventory:

Hand Weapons
 a - a +8 executioner's axe of electrocution
 h - a +1 vampiric battleaxe (weapon)
Missiles
 d - 2 throwing nets
 x - 17 javelins of returning (quivered)
 A - 9 steel javelins
 J - 3 javelins of penetration
 Y - 6 poisoned javelins
Armour
 g - a +1 hat of see invisible (worn)
 w - the +1 crystal plate armour of the Monkey's Uncle (worn) {rElec rPois Regen+ Str+2}
   (Okawaru gifted it to you on level 4 of the Vaults)

   It affects your strength (+2).
   It insulates you from electricity.
   It protects you from poison.
   It increases your rate of regeneration.
 y - a +2 pair of boots (worn)
 N - the -3 pair of gloves of Ralouhat (worn) {MR+ Regen+ rCorr Slay+6}
   (Okawaru gifted it to you on level 4 of the Vaults)

   It affects your accuracy and damage with ranged weapons and melee attacks
   (+6).
   It affects your resistance to hostile enchantments.
   It increases your rate of regeneration.
   It protects you from acid and corrosion.
 U - a +2 cloak (worn)
Jewellery
 c - the brooch of Shielding {Reflect SH+8}
   (You took it off a rakshasa on level 13 of the Dungeon)

   [amulet of reflection]

   It shields you and reflects attacks.
   It affects your SH (+8).
 C - an uncursed ring of wizardry
 I - an uncursed ring of see invisible
 K - a ring of protection from cold (right hand)
 Q - a ring of fire (left hand)
 S - an uncursed amulet of regeneration
 T - an uncursed ring of resist corrosion
 W - an amulet of guardian spirit (around neck)
Wands
 i - a wand of scattershot (5)
 E - a wand of iceblast (20)
 F - a wand of acid (17)
 H - a wand of disintegration (39)
 M - a wand of digging (18)
Scrolls
 b - 3 scrolls of magic mapping
 j - 10 scrolls of fog
 k - 19 scrolls of teleportation
 n - 9 scrolls of fear
 q - 2 scrolls of blinking
 v - 17 scrolls of remove curse
 G - a scroll of holy word
 L - 5 scrolls of immolation
 P - 3 scrolls of silence
 R - 4 scrolls of identify
 X - 3 scrolls of enchant armour
 Z - a scroll of amnesia
Potions
 e - 10 potions of curing
 m - 5 potions of magic
 o - 7 potions of might
 p - 8 potions of brilliance
 r - 5 potions of ambrosia
 s - 5 potions of haste
 t - 3 potions of invisibility
 u - 5 potions of heal wounds
 B - 6 potions of flight
 D - a potion of cancellation
 O - a potion of resistance
 V - 3 potions of agility
Miscellaneous
 l - a lightning rod (4/4)
Comestibles
 f - 59 rations


   Skills:
 + Level 16.4(21.0) Fighting
 - Level 26.1(26.5) Axes
 + Level 11.0(15.6) Throwing
 + Level 16.2(20.8) Armour
 + Level 15.4(20.0) Dodging
 + Level 3.1(2.8) Spellcasting
 + Level 3.1(2.9) Hexes
 + Level 3.4(3.1) Translocations
 - Level 8.0(7.7) Invocations
 + Level 9.1(8.8) Evocations


You had 21 spell levels left.
You knew the following spells:

 Your Spells              Type           Power        Failure   Level  Hunger
a - Apportation           Tloc           #.....       73%         1    ##.....
b - Portal Projectile     Hex/Tloc       #.....       98%         3    ####...


Dungeon Overview and Level Annotations

Branches:
Dungeon (15/15)            Temple (1/1) D:5            Lair (6/6) D:8
  Swamp (4/4) Lair:4       Spider (4/4) Lair:2        Slime (0/5) Lair:5
    Orc (2/2) D:12            Elf (0/3) Orc:2        Vaults (5/5) D:14
  Crypt (0/3) Vaults:2     Depths (1/5) D:15

Altars:
Cheibriados
Elyvilon
Fedhas
Gozag
Kikubaaqudgha
Makhleb
Nemelex Xobeh
Okawaru
Qazlal
Trog
Xom
Yredelemnul
Zin
The Shining One
Beogh

Shops:
D:4 (   Orc:1 [   Orc:2 !%([(}

Annotations:
D:4 remykins's ghost, amateur GnWn
Lair:5 Hebeh's ghost, journeyman MiFi
Lair:6 exclusion: upstairs
Spider:2 exclusion: Roxanne, Roxanne
Depths:1 Mara


Innate Abilities, Weirdness & Mutations

You reflexively headbutt those who attack you in melee.
You have a pair of horns on your head.
You are clumsy. (Dex -2)
You are robust. (+10% HP)


Message History

Unknown command.
Unknown command.
Unknown command.
You are feeling very hungry.
You slash the vault warden!
You feel better.
You headbutt the vault warden.
The vault warden is almost dead.
You slash the titan!
You feel better.
You barely miss the shadow dragon.
Unknown command.
Unknown command.
Unknown command.
Unknown command.
Unknown command.
Unknown command.
You hit the vault warden but do no damage.
The vault warden is almost dead.
You slice the shadow dragon!! You slash the titan!
The vault warden hits you with an enchanted great sword!
* * * LOW HITPOINT WARNING * * *
The titan hits you!!!
You die...

########################
..............pDp.......
.............TpC@....p..
#######......tp#########
......)^.....D.........
...=....#....#p........
######..#....#..######
#..#....#.).......
#..#....#...p.....
#..#....#..#O.####
#..#....#..#....


You could see 2 shadow dragons, an ironheart preserver, a titan, 2 vault
wardens, a snapping turtle shaped shifter, 2 ironbrand convokers and a troll.

Vanquished Creatures
  An ancient lich (Vaults:5)
  Margery (Vaults:2)
  3 golden dragons (Vaults:5)
  Jory (Vaults:4)
  Nikola (Spider:4)
  Rupert (Orc:2)
  A titan (Vaults:5)
  5 thorn hunters
  The ghost of microfolk the Spry, an adept KoBe of Trog (Spider:1)
  2 sphinxes
  A shadow dragon (Vaults:4)
  A tengu reaver (Vaults:5)
  4 fire giants
  A deep elf sorcerer (Vaults:2)
  8 vault wardens
  3 frost giants
  An orc warlord (Orc:2)
  3 ghost moths
  7 ironheart preservers
  7 emperor scorpions
  2 entropy weavers
  3 very ugly things
  A war gargoyle (Vaults:5)
  The ghost of kalagan the Eclecticist, a journeyman DEFE of Qazlal (Swamp:1)
  2 large abominations
  6 stone giants
  A deep elf annihilator (Vaults:2)
  Nessos (Lair:4)
  Azrael (Orc:2)
  3 spark wasps
  Snorg (D:12)
  A crystal guardian (Vaults:4)
  A deep elf death mage (Vaults:2)
  5 ettins
  3 fire dragons
  Erolcha (Orc:2)
  2 deep elf high priests (Vaults:5)
  3 great orbs of eyes
  A small abomination (Vaults:5)
  An ice dragon (Vaults:3)
  11 yaktaur captains
  A rakshasa (D:13)
  Harold (D:10)
  3 ghost crabs
  27 vault guards
  26 hydras
  2 peacekeepers (Vaults:2)
  A catoblepas (Lair:6)
  A death knight (Vaults:3)
  Erica (Lair:2)
  10 centaur warriors
  18 two-headed ogres
  7 alligators
  2 death yaks (Lair:6)
  2 orc high priests
  7 ogre magi
  2 tengu warriors
  3 deep elf knights
  Nergalle (D:12)
  4 hell knights (Vaults:2)
  3 spriggans (Swamp:1)
  2 shadow wraiths (Vaults:2)
  2 skeletal warriors (D:15)
  A flayed ghost (D:15)
  10 deep trolls
  2 unseen horrors
  A spriggan druid (Swamp:4)
  8 swamp dragons
  15 orc knights
  A wizard (Vaults:3)
  A shambling mangrove (Swamp:1)
  13 ironbrand convokers
  3 deep elf archers
  4 phantasmal warriors
  4 necromancers
  46 ugly things
  14 orb spiders
  3 oklob plants (Lair:5)
  A salamander (shapeshifter) (Vaults:3)
  7 deep elf magi
  A frost giant zombie (D:15)
  8 orc sorcerers
  5 moths of wrath
  31 wolf spiders
  9 cyclopes
  A fire giant zombie (D:15)
  9 elephants
  A fire giant skeleton (Vaults:1)
  8 vault sentinels
  11 black mambas
  Psyche (D:12)
  18 spiny frogs
  A guardian serpent (Lair:6)
  2 torpor snails
  A centaur skeleton (D:12)
  A spiny frog (shapeshifter) (Vaults:3)
  A gargoyle (D:15)
  19 demonic crawlers
  7 rime drakes
  A kobold demonologist (D:11)
  3 freezing wraiths
  14 komodo dragons
  26 yaktaurs
  A rime drake (shapeshifter) (Vaults:4)
  A meliai (shapeshifter) (Vaults:4)
  3 meliai (D:15)
  A queen bee (D:9)
  A tengu conjurer (D:14)
  2 polar bears
  28 jumping spiders
  2 human skeletons (Vaults:1)
  10 trolls
  A jumping spider (shapeshifter) (Vaults:3)
  17 hornets
  32 slime creatures
  2 saltlings (Desolation)
  A spriggan zombie (D:15)
  8 blink frogs
  6 tyrant leeches
  7 bog bodies
  A deep troll zombie (D:15)
  A snapping turtle (shapeshifter) (Vaults:5)
  17 hippogriffs
  62 redbacks
  5 shadows
  22 wyverns
  A spriggan (shapeshifter) (Vaults:4)
  17 tarantellas
  2 wraiths
  46 yaks
  2 fire elementals (Orc:2)
  5 humans (D:10)
  Grum (D:9)
  15 basilisks
  2 hungry ghosts
  3 steam dragons (Lair:6)
  20 vampire mosquitoes
  3 soldier ants
  A swamp worm (shapeshifter) (Vaults:5)
  8 wargs
  6 insubstantial wisps (Swamp:1)
  3 acid dragons
  13 swamp worms
  24 water moccasins
  3 hell hounds
  12 porcupines
  Duvessa (D:6)
  46 orc warriors
  2 ice beasts
  An eye of draining (D:13)
  30 ogres
  17 swamp drakes
  A black bear (D:13)
  A phantom (D:11)
  6 boggarts
  A necrophage (D:8)
  50 wolves
  A tengu (shapeshifter) (Vaults:4)
  14 centaurs
  12 crocodiles
  6 big kobolds
  4 gnoll sergeants (D:12)
  11 bullfrogs
  A water moccasin zombie (D:4)
  Dowan (D:6)
  2 wyvern skeletons
  2 wyvern zombies
  A scorpion (D:11)
  18 killer bees
  14 wights
  3 electric eels
  5 howler monkeys
  13 crimson imps
  3 centaur zombies
  A quasit (D:11)
  5 bullfrog zombies
  4 hounds
  16 jellies
  20 orc wizards
  Crazy Yiuf (D:6)
  26 orc priests
  4 bullfrog skeletons
  10 iguanas
  11 worker ants
  A hound skeleton (D:8)
  3 worker ant zombies
  5 gnolls
  8 adders
  3 shadow imps
  2 white imps
  An ufetubus (Vaults:3)
  An ooze (Lair:5)
  5 adder zombies
  An adder skeleton (D:9)
  A worm (D:4)
  A dart slug (D:3)
  5 leopard geckos
  102 orcs
  3 ball pythons
  8 giant cockroaches
  4 goblins
  4 hobgoblins
  8 jackals
  5 quokkas
  4 bats
  2 frilled lizards
  A goblin skeleton (D:4)
  4 goblin zombies (D:4)
  4 hobgoblin zombies (D:4)
  12 kobolds
  An orc skeleton (D:4)
  4 orc zombies (D:4)
  4 rats
  8 briar patches (Swamp:3)
  A butterfly (Lair:1)
  A crawling corpse (Vaults:5)
  2 fungi
  7 plants
  A withered plant (D:15)
1553 creatures vanquished.

Vanquished Creatures (others)
  A deep elf knight (Vaults:4)
  A slime creature (Swamp:2)
  A water elemental (Depths:1)
  A boggart (Depths:1)
  4 briar patches
  A bush (D:8)
  52 fungi
  61 plants
122 creatures vanquished.

Grand Total: 1675 creatures vanquished

Notes
Turn   | Place    | Note
-------+----------+-------------------------------------------
     0 | D:1      | emieltakesitez the Minotaur Gladiator began the quest for the Orb.
     0 | D:1      | Reached XP level 1. HP: 18/18 MP: 0/0
   108 | D:1      | Reached skill level 4 in Axes
   184 | D:1      | Reached XP level 2. HP: 23/25 MP: 1/1
   532 | D:2      | Reached skill level 5 in Axes
   560 | D:2      | Found a snail-covered altar of Cheibriados.
   567 | D:2      | Reached XP level 3. HP: 29/30 MP: 2/2
   947 | D:3      | Noticed a centaur
   956 | D:3      | Killed a centaur
   956 | D:3      | Reached skill level 6 in Axes
   956 | D:3      | Reached XP level 4. HP: 37/37 MP: 3/3
  1019 | D:3      | Reached skill level 7 in Axes
  1019 | D:3      | Reached XP level 5. HP: 40/42 MP: 4/4
  1678 | D:4      | Found Lusu's Antique Weapon Boutique.
  1781 | D:4      | Found an ancient bone altar of Kikubaaqudgha.
  1791 | D:4      | Reached skill level 8 in Axes
  1793 | D:4      | Found a blossoming altar of Fedhas.
  1812 | D:4      | Reached XP level 6. HP: 41/50 MP: 5/5
  1931 | D:4      | Noticed remykins's ghost (amateur GnWn)
  2118 | D:4      | Reached skill level 9 in Axes
  2263 | D:4      | Reached XP level 7. HP: 28/56 MP: 6/6
  2498 | D:4      | Found a glowing golden altar of the Shining One.
  2983 | D:5      | Entered Level 5 of the Dungeon
  3014 | D:5      | Reached skill level 10 in Axes
  3311 | D:5      | Found a staircase to the Ecumenical Temple.
  3324 | Temple   | Entered the Ecumenical Temple
  3347 | Temple   | Became a worshipper of Warmaster Okawaru
  3686 | D:6      | Noticed Duvessa
  3718 | D:6      | Killed Duvessa
  3738 | D:6      | Noticed Dowan
  4084 | D:6      | Reached skill level 11 in Axes
  4281 | D:6      | Killed Dowan
  4323 | D:6      | Found a runed door.
  4481 | D:6      | Noticed Crazy Yiuf
  4485 | D:6      | Killed Crazy Yiuf
  4648 | D:7      | Reached XP level 8. HP: 60/62 MP: 7/7
  4663 | D:7      | Reached * piety under Okawaru
  4676 | D:7      | Reached skill level 1 in Armour
  4677 | D:7      | Reached skill level 1 in Invocations
  5363 | D:7      | Reached skill level 12 in Axes
  5368 | D:7      | Reached ** piety under Okawaru
  5561 | D:8      | Reached XP level 9. HP: 71/71 MP: 9/9
  5691 | D:8      | Found a staircase to the Lair.
  5735 | D:8      | Reached skill level 5 in Dodging
  5759 | D:8      | Reached skill level 5 in Fighting
  5761 | D:8      | Reached *** piety under Okawaru
  5995 | D:8      | Reached skill level 13 in Axes
  6007 | D:8      | Reached skill level 5 in Armour
  6327 | D:8      | Reached XP level 10. HP: 83/83 MP: 12/12
  6542 | D:8      | Found a glowing silver altar of Zin.
  7312 | D:9      | Found a stormy altar of Qazlal.
  7353 | D:9      | HP: 3/83 [slime creature (13)]
  8013 | D:9      | Reached **** piety under Okawaru
  8013 | D:9      | Reached skill level 5 in Invocations
  8021 | D:9      | Reached skill level 14 in Axes
  8173 | D:9      | Noticed Grum
  8199 | D:9      | Killed Grum
  8293 | D:9      | Noticed a cyclops
  8367 | D:9      | Killed a cyclops
  8658 | D:9      | Reached XP level 11. HP: 70/92 MP: 11/14
  9438 | D:10     | Entered Level 10 of the Dungeon
  9458 | D:10     | Received a gift from Okawaru
  9523 | D:10     | Noticed a two-headed ogre
  9531 | D:10     | Killed a two-headed ogre
  9534 | D:10     | Noticed Harold
  9553 | D:10     | Killed Harold
  9553 | D:10     | Reached skill level 15 in Axes
  9561 | D:10     | HP: 2/94 [centaur (7)]
  9567 | D:10     | Reached ***** piety under Okawaru
 10048 | D:10     | Noticed a two-headed ogre
 10054 | D:10     | Killed a two-headed ogre
 10297 | D:11     | Noticed a two-headed ogre
 10310 | D:11     | Killed a two-headed ogre
 10444 | Lair:1   | Entered Level 1 of the Lair of Beasts
 10864 | Lair:1   | Received a gift from Okawaru
 10871 | Lair:1   | Reached XP level 12. HP: 92/103 MP: 16/16
 10903 | Lair:1   | Received a gift from Okawaru
 10960 | Lair:1   | Reached skill level 16 in Axes
 12211 | Lair:2   | Noticed a five-headed hydra
 12216 | Lair:2   | Noticed Erica
 12366 | Lair:2   | Received a gift from Okawaru
 12377 | Lair:2   | Found a hole to the Spider Nest.
 12653 | Lair:2   | Killed a five-headed hydra
 12676 | Lair:2   | Killed Erica
 12676 | Lair:2   | Reached ****** piety under Okawaru
 12864 | Lair:3   | Reached skill level 10 in Fighting
 12908 | Lair:3   | Received a gift from Okawaru
 13447 | Lair:3   | Reached XP level 13. HP: 109/114 MP: 15/18
 13450 | Lair:3   | Reached skill level 17 in Axes
 14183 | Lair:4   | Reached skill level 1 in Evocations
 14208 | Lair:4   | Found a staircase to the Swamp.
 14339 | Lair:4   | Reached skill level 10 in Armour
 14405 | Lair:4   | Reached skill level 10 in Dodging
 14565 | Lair:4   | Noticed Nessos
 14576 | Lair:4   | Killed Nessos
 14817 | Lair:4   | Received a gift from Okawaru
 15484 | Lair:5   | Gained mutation: You are clumsy. (Dex -2) [potion of mutation]
 15484 | Lair:5   | Gained mutation: You are robust. (+10% HP) [potion of mutation]
 15514 | Lair:5   | Noticed Hebeh's ghost (journeyman MiFi)
 15577 | Lair:5   | Found a staircase to the Slime Pits.
 15679 | Lair:5   | Received a gift from Okawaru
 16125 | Lair:6   | Entered Level 6 of the Lair of Beasts
 16579 | Lair:6   | Reached skill level 18 in Axes
 16860 | Lair:6   | Reached XP level 14. HP: 120/136 MP: 15/19
 17254 | Lair:6   | Received a gift from Okawaru
 18436 | Lair:6   | Learned a level 1 spell: Apportation
 19846 | D:11     | Reached skill level 5 in Evocations
 20766 | D:12     | Noticed Psyche
 20768 | D:12     | Noticed Nergalle
 20773 | D:12     | Killed Psyche
 20799 | D:12     | Killed Nergalle
 20858 | D:12     | Received a gift from Okawaru
 20973 | D:12     | Noticed Snorg
 20982 | D:12     | Killed Snorg
 21050 | D:12     | Found a staircase to the Orcish Mines.
 21193 | Orc:1    | Entered Level 1 of the Orcish Mines
 21248 | Orc:1    | Found a roughly hewn altar of Beogh.
 21249 | Orc:1    | Found Natogez's Antique Armour Shoppe.
 21404 | Orc:1    | Reached skill level 19 in Axes
 21592 | Orc:1    | Found a roughly hewn altar of Beogh.
 21766 | Orc:2    | Entered Level 2 of the Orcish Mines
 21780 | Orc:2    | Found a staircase to the Elven Halls.
 21810 | Orc:2    | Found Wanoaz's Gadget Shoppe.
 21840 | Orc:2    | Noticed Azrael
 21850 | Orc:2    | Noticed Erolcha
 21852 | Orc:2    | Killed Azrael
 21860 | Orc:2    | Killed Erolcha
 21956 | Orc:2    | Found a roughly hewn altar of Beogh.
 21956 | Orc:2    | Found Cahothau's Antique Weapon Shoppe.
 22092 | Orc:2    | Found a roughly hewn altar of Beogh.
 22139 | Orc:2    | Noticed an orc warlord
 22182 | Orc:2    | Killed an orc warlord
 22460 | Orc:2    | Reached XP level 15. HP: 147/147 MP: 17/20
 22469 | Orc:2    | Found Sacet's Antique Weapon Boutique.
 22475 | Orc:2    | Found a roughly hewn altar of Beogh.
 22476 | Orc:2    | Found Paacrext's Antique Armour Shop.
 22557 | Orc:2    | Found a roughly hewn altar of Beogh.
 22681 | Orc:2    | Found a roughly hewn altar of Beogh.
 22740 | Orc:2    | Found a roughly hewn altar of Beogh.
 22754 | Orc:2    | Found Hohalan's Food Shoppe.
 22796 | Orc:2    | Noticed Rupert
 22947 | Orc:2    | Paralysed by Rupert for 7 turns
 22964 | Orc:2    | Killed Rupert
 23197 | Orc:2    | Found Ulialuvi's Distillery.
 23209 | Orc:2    | Bought a potion of heal wounds for 75 gold pieces
 23209 | Orc:2    | Bought a potion of haste for 150 gold pieces
 23209 | Orc:2    | Bought a potion of haste for 150 gold pieces
 23209 | Orc:2    | Bought a potion of haste for 150 gold pieces
 23284 | Orc:1    | Bought a glowing cloak for 195 gold pieces
 24780 | D:13     | Reached skill level 5 in Throwing
 24912 | D:14     | Received a gift from Okawaru
 25125 | D:14     | Received a gift from Okawaru
 25243 | D:14     | Found a gate to the Vaults.
 25710 | D:15     | Entered Level 15 of the Dungeon
 25941 | D:15     | Reached skill level 20 in Axes
 26037 | D:15     | Found a staircase to the Depths.
 27451 | D:15     | Reached XP level 16. HP: 152/158 MP: 21/21
 27470 | Depths:1 | Entered Level 1 of the Depths
 27502 | Depths:1 | Received a gift from Okawaru
 27782 | Depths:1 | Received a gift from Okawaru
 27884 | Depths:1 | Noticed Mara
 27930 | Depths:1 | Noticed emieltakesitez's illusion
 28785 | Swamp:1  | Entered Level 1 of the Swamp
 28788 | Swamp:1  | Noticed kalagan's ghost (journeyman DEFE)
 28808 | Swamp:1  | Killed kalagan's ghost
 29097 | Swamp:1  | Received a gift from Okawaru
 29098 | Swamp:1  | Got a faintly glowing war axe {god gift}
 29116 | Swamp:1  | Identified the +4 war axe of Defiance {freeze, rN+ Dex+6} (Okawaru gifted it to you on level 1 of the Swamp)
 31378 | Swamp:3  | Noticed a thorn hunter
 31400 | Swamp:3  | Killed a thorn hunter
 31947 | Swamp:3  | Received a gift from Okawaru
 32071 | Swamp:3  | Noticed a thorn hunter
 32089 | Swamp:3  | Killed a thorn hunter
 32412 | Swamp:3  | Reached skill level 21 in Axes
 32718 | Swamp:4  | Entered Level 4 of the Swamp
 33081 | Swamp:4  | Noticed a thorn hunter
 33097 | Swamp:4  | Killed a thorn hunter
 33106 | Swamp:4  | Reached XP level 17. HP: 167/167 MP: 14/22
 33462 | Swamp:4  | Received a gift from Okawaru
 33547 | Swamp:4  | Got a decaying rune of Zot
 33734 | Spider:1 | Entered Level 1 of the Spider Nest
 33906 | Spider:1 | Received a gift from Okawaru
 34225 | Spider:1 | Noticed microfolk's ghost (adept KoBe)
 34240 | Spider:1 | Killed microfolk's ghost
 34808 | Spider:2 | Noticed Roxanne
 35308 | Spider:3 | Received a gift from Okawaru
 35639 | Spider:3 | Received a gift from Okawaru
 35640 | Spider:3 | Found the +8 frozen axe "Frostbite" {freezing cloud, *Noise +Fly rC+}
 35664 | Spider:3 | Reached skill level 15 in Fighting
 36039 | Spider:3 | Reached skill level 22 in Axes
 36270 | Spider:4 | Entered Level 4 of the Spider Nest
 36378 | Spider:4 | Noticed Nikola
 36399 | Spider:4 | Killed Nikola
 36439 | Spider:4 | Received a gift from Okawaru
 36493 | Spider:4 | Reached XP level 18. HP: 179/179 MP: 21/23
 36569 | Spider:4 | Received a gift from Okawaru
 36589 | Spider:4 | Reached skill level 15 in Armour
 37118 | Spider:4 | Received a gift from Okawaru
 37431 | Spider:4 | Got a gossamer rune of Zot
 37692 | Lair:6   | Learned a level 3 spell: Portal Projectile
 37974 | Vaults:1 | Entered Level 1 of the Vaults
 38084 | Vaults:1 | Received a gift from Okawaru
 38199 | Vaults:1 | Reached skill level 10 in Throwing
 38515 | Vaults:1 | Reached skill level 23 in Axes
 38810 | Vaults:1 | Received a gift from Okawaru
 38939 | Vaults:2 | Found a ruined gateway.
 38961 | Desolati | Entered the Desolation of Salt
 39267 | Vaults:2 | Received a gift from Okawaru
 39440 | Vaults:2 | Noticed Margery
 39449 | Vaults:2 | Received a gift from Okawaru
 39456 | Vaults:2 | Killed Margery
 39456 | Vaults:2 | Reached XP level 19. HP: 164/189 MP: 14/24
 39457 | Vaults:2 | Got a twisted cloak {god gift}
 39477 | Vaults:2 | Identified the +0 cloak of Prudence {rCorr Dex+3} (Okawaru gifted it to you on level 2 of the Vaults)
 39522 | Vaults:2 | Reached skill level 24 in Axes
 39723 | Vaults:2 | Found a staircase to the Crypt.
 39723 | Vaults:2 | Found a basalt altar of Yredelemnul.
 39724 | Vaults:2 | Found an ancient bone altar of Kikubaaqudgha.
 39944 | Vaults:3 | Found a magical portal.
 39952 | WizLab   | Entered Wucad Mu's Monastery
 40071 | WizLab   | Found the +9 staff of Wucad Mu {channel}
 40921 | Vaults:3 | Reached skill level 25 in Axes
 41417 | Vaults:3 | Received a gift from Okawaru
 41877 | Vaults:4 | Received a gift from Okawaru
 41992 | Vaults:4 | Received a gift from Okawaru
 41995 | Vaults:4 | Got a twisted crystal plate armour {god gift}
 42005 | Vaults:4 | Identified the +1 crystal plate armour of the Monkey's Uncle {rElec rPois Regen+ Str+2} (Okawaru gifted it to you on level 4 of the Vaults)
 42056 | Vaults:4 | Reached skill level 26 in Axes
 42346 | Vaults:4 | Noticed Jory
 42378 | Vaults:4 | Killed Jory
 42476 | Vaults:4 | Reached XP level 20. HP: 185/198 MP: 16/25
 42488 | Vaults:4 | Reached skill level 1 in Translocations
 42561 | Vaults:4 | Reached skill level 1 in Spellcasting
 42561 | Vaults:4 | Reached skill level 1 in Hexes
 43157 | Vaults:5 | Entered Level 5 of the Vaults
 43191 | Vaults:5 | Noticed a golden dragon
 43200 | Vaults:4 | Reached skill level 15 in Dodging
 43223 | Vaults:4 | Received a gift from Okawaru
 43235 | Vaults:4 | Identified the -3 pair of gloves of Ralouhat {MR+ Regen+ rCorr Slay+6} (Okawaru gifted it to you on level 4 of the Vaults)
 43540 | Vaults:5 | Noticed a golden dragon
 43614 | Vaults:5 | Killed a golden dragon
 43618 | Vaults:5 | Noticed a golden dragon
 43623 | Vaults:5 | Killed a golden dragon
 43631 | Vaults:5 | Killed a golden dragon
 43696 | Vaults:5 | Noticed an ancient lich
 43706 | Vaults:5 | Killed an ancient lich
 43727 | Vaults:5 | Received a gift from Okawaru
 43856 | Vaults:5 | Got a clouded brass ring
 43857 | Vaults:5 | Identified the ring "Suaprah" {*Slow rPois rN+ SInv} (You found it on level 5 of the Vaults)
 44018 | Vaults:5 | Received a gift from Okawaru
 44028 | Vaults:5 | Annihilated by a titan

Skill      XL: |  1  2  3  4  5  6  7  8  9 10 11 12 13 14 15 16 17 18 19 20 |
---------------+-------------------------------------------------------------+-----
Axes           | 4 5 6 7 8 9 11 12 13 14 15 16 18 19 20 21 22 23 26 | 26.1
Armour         | 3 5 6 8 9 11 12 13 14 15 16 | 16.2
Fighting       | 4 5 7 8 10 11 12 13 14 15 16 | 16.4
Invocations    | 2 4 5 7 8 |  8.0
Dodging        | 4 6 7 8 9 10 11 12 13 14 15 | 15.4
Evocations     | 3 5 7 8 9 |  9.1
Throwing       | 4 6 7 9 10 11 | 11.0
Translocations | 3 |  3.4
Spellcasting   | 3 |  3.1
Hexes          | 3 |  3.1

Action                   |  1- 3 |  4- 6 |  7- 9 | 10-12 | 13-15 | 16-18 | 19-21 || total
-------------------------+-------+-------+-------+-------+-------+-------+-------++-------
Melee: War axe           |    51 |    71 |   219 |       |       |       |       ||   341
       Headbutt          |     7 |     9 |    48 |   123 |   243 |   319 |   280 ||  1029
       Battleaxe         |       |       |   105 |   605 |  1179 |  1446 |   915 ||  4250
       Punch             |       |       |     1 |       |     1 |     1 |       ||     3
       Flail             |       |       |       |     6 |       |       |       ||     6
       Scimitar          |       |       |       |       |    42 |    21 |       ||    63
Throw: Throwing net      |       |       |     3 |       |       |     1 |       ||     4
       Javelin           |       |       |       |       |     9 |    32 |       ||    41
Invok: Heroism           |       |       |     4 |    31 |    45 |    29 |     4 ||   113
       Finesse           |       |       |       |       |     3 |     5 |     3 ||    11
Evoke: Wand              |       |       |     5 |     8 |    19 |     7 |       ||    39
       Lightning rod     |       |       |       |       |     7 |     5 |     7 ||    19
  Use: Scroll            |       |     4 |     5 |    13 |    15 |     8 |    11 ||    56
       Potion            |       |     1 |     1 |     3 |     6 |     7 |     3 ||    21
 Stab: Paralysed         |       |       |       |     2 |       |       |       ||     2
       Confused          |       |       |       |       |       |     2 |       ||     2
  Eat: Chunk             |       |     4 |    17 |    12 |    32 |    15 |    14 ||    94
       Ration            |       |       |     1 |     3 |     4 |     9 |       ||    17
Armor: Chain mail        |    28 |    29 |    42 |       |   324 |  1003 |   203 ||  1629
       Plate armour      |       |       |   128 |   350 |   247 |       |       ||   725
       Skin              |       |       |       |       |    24 |    43 |       ||    67
       Swamp dragon scal |       |       |       |       |    10 |       |       ||    10
       Crystal plate arm |       |       |       |       |       |       |   243 ||   243
Dodge: Dodged            |    36 |    37 |   121 |   351 |   638 |  1112 |   498 ||  2793
       Rpst.: Scimitar   |       |       |       |       |    11 |     4 |       ||    15
